AoeStats
← Chaac1706

Arabia

507360990Analyzed
1v1 RM · 15d ago on Sep 17, 2026· 19m 2s· 2 players
Game mode
Random Map
Map size
Tiny (2 player)
Population
200
Speed
Normal
Resources
Standard
Victory
Conquest
Starting age
Dark Age
Ending age
Imperial Age
RankedLock teamsTeams togetherTeam positionsShared explorationLock speedFull tech treeHidden civsTurbo modeCheats
Victory
Defeat
🇪🇸 Spanish · Spain
1209
+17
🇨🇴 Muisca · Colombia
1222
-17
Aliod
9:10 Loom
10:57 Feudal Age
15:23 Castle Age
Chaac1706
5:04 Loom
8:49 Feudal Age
8:59 Champi Runner
10:47 Double-Bit Axe
12:21 Wheelbarrow
15:24 Horse Collar
17:38 Fletching
Connection lost

Rejoining the realm…

Still unreachable

The connection could not be restored.

Session expired

The server has moved on; the page needs a fresh start.